Map: Romanticide LE

Players

SKillous

  • Race: Protoss Protoss
  • League: Grandmaster

GOStephano (Stephano) - Winner!

  • Race: Zerg Zerg
  • League: Grandmaster

Event: DreamHack SC2 Masters 2021 Summer

VOD

Have the link to the VOD?

Description

Time

  • Played on: May 21, 2021, 10:29 a.m.
  • Length: 12:19

All games in this series

Show
View Real Time Build Order
Export as new Build Order

SKillous Protoss 

Build Orders: 1 Gate Expand, Oracle Opening, Zealot Archon 

Get SALT Encoding   

  12  0:00  Probe  
  13  0:12  Probe  
  14  0:20  Pylon  
  14  0:25  Probe  
  15  0:38  Probe (Chrono Boost)  
  15  0:41  Gateway  
  16  0:48  Probe (Chrono Boost), Assimilator  
  17  0:53  Probe (Chrono Boost)  
  18  1:05  Probe  
  19  1:17  Probe  
  20  1:24  Nexus  
  20  1:34  Cybernetics Core  
  20  1:37  Probe  
  21  1:44  Assimilator  
  21  1:49  Probe  
  21  1:53  Pylon  
  22  2:01  Probe  
  23  2:08  Stalker (Chrono Boost)  
  23  2:13  Probe (Chrono Boost)  
  26  2:21  Stargate  
  26  2:25  Probe (Chrono Boost)  
  27  2:30  Warp Gate  
  27  2:35  Probe (Chrono Boost), Adept  
  31  2:39  Probe (Chrono Boost)  
  32  2:45  Probe (Chrono Boost)  
  32  2:46  Probe (Chrono Boost)  
  32  2:51  Probe (Chrono Boost)  
  33  2:52  Probe  
  35  3:03  Probe, Oracle (Chrono Boost)  
  35  3:04  Probe  
  40  3:07  Adept  
  42  3:14  Pylon  
  42  3:15  Probe  
  42  3:19  Gateway  
  43  3:22  Probe  
  44  3:27  Probe  
  45  3:34  Probe, Oracle (Chrono Boost)  
  45  3:39  Probe  
  50  3:46  Probe  
  51  3:51  Probe  
  51  3:54  Nexus  
  52  3:56  Pylon  
  52  3:58  Probe  
  53  4:03  Probe  
  53  4:09  Assimilator  
  54  4:12  Assimilator  
  54  4:13  Oracle (Chrono Boost)  
  54  4:14  Probe  
  54  4:15  Probe  
  58  4:19  Adept x2  
  58  4:22  Pylon  
  62  4:29  Pylon  
  62  4:40  Probe (Chrono Boost)  
  62  4:42  Probe (Chrono Boost)  
  58  4:53  Probe (Chrono Boost)  
  58  4:54  Twilight Council, Forge  
  58  4:55  Adept x2  
  58  4:57  Robotics Facility  
  58  4:58  Probe (Chrono Boost)  
  63  5:00  Probe (Chrono Boost)  
  65  5:09  Probe (Chrono Boost), Gateway x2  
  65  5:12  Probe (Chrono Boost)  
  65  5:13  Probe (Chrono Boost)  
  67  5:16  Sentry  
  67  5:17  Sentry  
  67  5:20  Probe (Chrono Boost)  
  73  5:21  Probe x2 (Chrono Boost)  
  73  5:22  Gateway  
  73  5:27  Protoss Ground Weapons Level 1 (Chrono Boost)  
  74  5:29  Probe, Gateway  
  74  5:30  Charge (Chrono Boost)  
  74  5:35  Probe  
  76  5:39  Probe  
  76  5:42  Probe  
  77  5:46  Gateway  
  77  5:47  Observer, Gateway  
  78  5:57  Probe  
  76  6:05  Probe  
  76  6:09  Probe, Gateway x2  
  76  6:10  Templar Archives  
  74  6:15  Probe  
  74  6:17  Probe  
  72  6:19  Assimilator x2  
  72  6:20  Warp Prism (Chrono Boost), Pylon  
  74  6:26  Probe  
  74  6:28  Probe  
  74  6:32  Shield Battery  
  76  6:33  Probe  
  76  6:34  Photon Cannon  
  76  6:37  Phoenix  
  79  6:40  Probe x2  
  79  6:45  Probe  
  82  6:49  High Templar  
  82  6:50  High Templar  
  86  6:54  Archon, High Templar x2  
  86  6:55  Zealot x4  
  98  7:03  Archon  
  98  7:14  Psionic Storm, Nexus  
  98  7:16  High Templar  
  98  7:17  Pylon  
  98  7:19  Pylon  
  98  7:20  Pylon  
  98  7:21  Pylon  
  100  7:23  Probe  
  100  7:24  Pylon  
  101  7:34  Protoss Ground Weapons Level 2 (Chrono Boost)  
  101  7:35  Probe  
  101  7:36  High Templar  
  104  7:37  Zealot x3  
  104  7:43  Shield Battery  
  110  7:46  Photon Cannon  
  110  7:47  Photon Cannon  
  110  7:49  Photon Cannon  
  110  7:52  Immortal  
  110  7:57  Zealot x4  
  107  8:14  Zealot x2  
  107  8:15  Zealot x4  
  117  8:22  Probe (Chrono Boost)  
  121  8:28  Probe x2 (Chrono Boost), High Templar x2, Assimilator  
  121  8:29  High Templar x2  
  121  8:31  Probe (Chrono Boost), Observer  
  121  8:32  Assimilator  
  130  8:41  Zealot x2  
  132  8:42  Photon Cannon  
  132  8:46  Photon Cannon  
  132  8:47  Probe  
  135  8:55  High Templar x2  
  134  8:56  Zealot x2  
  134  8:58  Warp Prism  
  134  8:59  Archon  
  134  9:01  Zealot x6  
  154  9:09  Fleet Beacon  
  150  9:15  Oracle  
  151  9:20  Zealot x2  
  151  9:21  Zealot  
  137  9:32  Stargate  
  137  9:34  Stargate  
  137  9:36  Protoss Air Weapons Level 1 (Chrono Boost)  
  137  9:38  Warp Prism  
  139  9:39  Probe x2  
  139  9:40  Probe  
  139  9:41  Zealot  
  139  9:42  Zealot x5  
  154  9:47  Pylon  
  154  9:49  Pylon  
  154  9:56  Protoss Shields Level 1 (Chrono Boost)  
  154  10:04  Mothership (Chrono Boost)  
  160  10:14  Carrier x2 (Chrono Boost)  
  156  10:28  Carrier (Chrono Boost), Nexus  
  156  10:30  Pylon  
  156  10:35  High Templar  
  162  10:36  Zealot x4  
  170  10:44  Zealot  
  170  10:49  Zealot x4  
  160  11:07  Zealot x2  
  160  11:11  Carrier  
  162  11:14  Zealot x2  
  162  11:15  Zealot x3  
  162  11:19  Zealot x3  
  174  11:30  Photon Cannon, Shield Battery  
  174  11:32  Pylon  
  174  11:33  High Templar x2  
  177  11:44  Zealot x2  
  177  11:45  Zealot x3  
  183  11:54  Zealot x3  
  163  11:57  Observer  
  131  12:11  Zealot x4  
Show
View Real Time Build Order
Export as new Build Order

GOStephano Zerg - Winner!

Build Orders: Hatch First, Lurkers, Roach Hydra 

Get SALT Encoding   

  12  0:00  Drone  
  13  0:12  Overlord  
  13  0:17  Drone  
  14  0:30  Drone x2  
  16  0:47  Hatchery  
  15  0:50  Drone  
  15  0:53  Drone  
  15  0:56  Drone  
  18  1:07  Extractor  
  17  1:12  Spawning Pool  
  17  1:15  Drone  
  17  1:18  Drone  
  18  1:28  Drone  
  19  1:38  Drone  
  20  1:49  Drone  
  21  1:59  Queen x2  
  21  2:00  Zergling x4  
  27  2:10  Drone  
  27  2:11  Overlord  
  28  2:27  Hatchery  
  28  2:30  Drone  
  28  2:34  Drone  
  28  2:35  Drone  
  30  2:39  Queen  
  30  2:42  Overlord  
  32  2:46  Metabolic Boost  
  32  2:51  Drone  
  33  2:52  Drone  
  34  3:00  Drone x2  
  36  3:09  Drone x2, Zergling x2  
  36  3:10  Zergling x2  
  40  3:15  Drone x2  
  40  3:16  Queen  
  44  3:22  Overlord  
  44  3:35  Spore Crawler  
  44  3:36  Drone  
  44  3:39  Drone x6  
  50  3:43  Overlord  
  50  3:45  Overlord  
  50  3:50  Queen  
  52  3:56  Overlord  
  52  4:01  Spore Crawler  
  51  4:03  Drone x3  
  51  4:04  Drone  
  51  4:06  Drone  
  56  4:10  Drone x2  
  58  4:18  Drone x3  
  58  4:19  Drone  
  58  4:22  Lair, Spore Crawler  
  58  4:23  Drone  
  61  4:25  Extractor  
  61  4:28  Extractor  
  59  4:38  Zergling x4  
  59  4:41  Drone x4  
  62  4:45  Drone x3  
  62  4:51  Drone x3  
  62  4:52  Roach Warren  
  65  4:53  Evolution Chamber  
  65  4:55  Drone x3  
  65  4:58  Drone  
  68  5:03  Drone  
  68  5:04  Drone  
  68  5:05  Drone  
  68  5:06  Drone  
  68  5:07  Drone  
  73  5:12  Overlord  
  73  5:19  Zerg Missile Weapons Level 1  
  73  5:25  Overlord  
  73  5:29  Extractor x2, Overlord  
  73  5:30  Drone, Hydralisk Den  
  73  5:31  Drone x2  
  73  5:32  Extractor  
  72  5:38  Hatchery  
  72  5:40  Drone x2  
  72  5:41  Glial Reconstitution  
  72  5:44  Drone x4  
  76  5:51  Drone x6  
  76  5:53  Drone  
  76  5:56  Drone x2  
  82  6:03  Drone x6  
  81  6:16  Evolution Chamber  
  78  6:28  Overlord x2  
  78  6:31  Grooved Spines, Hydralisk x6  
  90  6:33  Overseer  
  90  6:39  Hydralisk x3  
  94  6:43  Drone x2  
  94  6:45  Overlord  
  98  6:55  Zerg Ground Armor Level 1  
  98  6:59  Drone  
  98  7:00  Drone, Infestation Pit  
  99  7:02  Drone  
  99  7:04  Hydralisk x4  
  108  7:08  Roach x2  
  108  7:09  Roach  
  108  7:13  Roach x3  
  119  7:16  Roach  
  121  7:25  Infestation Pit  
  121  7:27  Overlord  
  121  7:28  Drone x5  
  125  7:30  Overlord x2  
  125  7:40  Zerg Missile Weapons Level 2  
  125  7:44  Lurker Den  
  124  7:45  Overlord  
  123  7:52  Roach  
  123  7:53  Roach x8  
  141  7:58  Roach  
  138  8:15  Drone x6  
  138  8:16  Unknown  
  138  8:18  Hive  
  141  8:21  Pneumatized Carapace, Overlord x2  
  141  8:27  Drone x3  
  141  8:30  Hydralisk x3  
  141  8:32  Overseer  
  150  8:40  Hatchery  
  149  8:43  Hydralisk x5  
  149  8:45  Spore Crawler  
  149  8:46  Lurker x2  
  160  8:49  Muscular Augments  
  160  8:57  Hydralisk  
  160  8:58  Hydralisk x2  
  166  9:07  Overlord  
  166  9:08  Hatchery  
  165  9:12  Evolution Chamber, Overlord  
  165  9:13  Overlord  
  164  9:18  Overlord  
  164  9:25  Hydralisk x6  
  164  9:29  Overlord  
  164  9:30  Queen  
  176  9:32  Seismic Spines  
  176  9:34  Drone x4  
  180  9:39  Zerg Ground Armor Level 2  
  180  9:43  Extractor, Lurker x3  
  180  9:45  Extractor  
  181  9:54  Drone x3  
  181  9:55  Hydralisk x4  
  181  9:59  Overlord  
  192  10:05  Hydralisk x3  
  190  10:16  Drone x2  
  190  10:17  Drone x2  
  195  10:21  Drone x5  
  195  10:22  Overlord  
  195  10:23  Overseer  
  195  10:24  Overlord  
  199  10:48  Lurker x2  
  197  10:54  Hydralisk x2  
  197  10:56  Overlord  
  195  10:58  Adaptive Talons  
  179  11:14  Hydralisk x12  
  191  11:19  Zergling x8  
  191  11:20  Zergling x10  
  198  11:26  Drone x3, Spire x2  
  198  11:30  Extractor x2  
  197  11:38  Hydralisk  
  197  11:39  Hydralisk  
  186  11:51  Overseer x2  
  177  11:59  Overseer  
  199  12:13  Spore Crawler  
Tags
 
Add a new tag
Caveats
  • Supply blocks, unpowered buildings, or Contaminate may cause inaccurate times.
  • Supply counts are checked every 10 seconds.